Capitals vs Golden Knights

Created - February 1, 2023 at 22:51

Goals
1 2 3 T
Capitals 2 0 2 4
Golden Knights 1 3 2 6
Shots
1 2 3 T
Capitals 10 7 16 33
Golden Knights 15 13 11 39

1st period

1. Golden Knights , Jake Guentzel 18 (Steven Stamkos 42, Mathew Dumba 11) at 0:14
2. Capitals , Brian Ferlin 5 (Eric Wellwood 9, Ben Hutton 5) at 15:22
3. Capitals , Jeff Skinner 5 (Ben Hutton 6, Alexei Marchenko 5) at 16:57

Penalties :
Jared Spurgeon (Was) for Interference (Minor) at 2:21, Mike Green (Was) for Slashing (Minor) at 5:25, Cody Hodgson (Was) for High sticking (Minor) at 9:43, Mike Green (Was) for Hooking (Minor) at 19:12

2nd period

4. Golden Knights , Ryan O'Reilly 10 (Mathew Dumba 12) at 5:46
5. Golden Knights , Ryan O'Reilly 11 (Zach Bogosian 20, Andrew Cogliano 9) at 10:43
6. Golden Knights , Max Reinhart 2 (Zach Bogosian 21) at 14:29

Penalties :
Vladimir Mihalik (Veg) for Interference (Minor) at 7:16

3rd period

7. Capitals , Taylor Hall 11 (Patrick Kane 20, Cody Hodgson 18) at 0:31
8. Capitals , Cody Hodgson 4 (Taylor Hall 21) at 3:24
9. Golden Knights , Jake Guentzel 19 (Steven Stamkos 43, Zach Bogosian 22) at 15:28 (PP)
10. Golden Knights , Jake Guentzel 20 (Steven Stamkos 44, Zach Bogosian 23) at 19:24 (Empty Net)

Penalties :
Alexei Marchenko (Was) for Holding (Minor) at 4:11, Taylor Hall (Was) for Tripping (Minor) at 9:01, Ben Hutton (Was) for Interference (Minor) at 15:11

Goalie Stats

Cory Schneider (Was), 33 saves from 38 shots - (0.868), L, 13-11-1, 59:26 minutes
Ondrej Pavelec (Veg), 29 saves from 33 shots - (0.879), W, 19-10-0, 60:00 minutes

Players Stats for Capitals

Player Name              G  A  P  +/- PIM S  H  SB GA TA FO     MP     PP MP  PK MP  
------------------------------------------------------------------------------------
Alexei Marchenko         0  1  1   1  2   0  0  1  0  0  0/0    16:16   0:00   1:23 
Ben Hutton               0  2  2   1  2   1  1  1  1  0  0/0    20:05   0:45   4:10 
Blake Pietila            0  0  0  -2  0   0  1  0  0  0  0/0    13:38   0:56   1:31 
Brad Richardson          0  0  0   0  0   3  1  0  0  0  7/14   12:23   0:00   0:48 
Brian Ferlin             1  0  1   1  0   2  1  0  0  0  0/0     5:22   0:00   0:00 
Cody Hodgson             1  1  2   0  2   3  2  0  0  0  17/29  20:36   1:03   2:45 
Eric Wellwood            0  1  1   1  0   2  0  0  0  0  0/1     6:03   0:00   0:30 
Jared Spurgeon           0  0  0   0  2   1  1  1  0  0  0/0    10:55   0:00   0:00 
Jason Spezza             0  0  0  -2  0   0  1  0  0  0  0/1    16:07   0:56   3:44 
Jeff Skinner             1  0  1   0  0   1  1  0  0  0  0/0    11:12   0:00   0:00 
Logan Couture            0  0  0  -2  0   3  1  0  0  0  3/8    12:07   0:56   0:00 
Mike Green               0  0  0  -2  4   5  2  4  0  1  0/0    26:05   1:14   4:40 
Nail Yakupov             0  0  0   0  0   3  0  0  0  0  0/0    11:12   0:00   0:00 
Nikita Zaitsev           0  0  0   0  0   0  3  2  0  1  0/0    18:19   0:45   6:08 
Patrick Kane             0  1  1   0  0   2  3  0  0  0  7/12   25:37   1:03   6:56 
PK Subban                0  0  0  -2  0   2  3  1  0  1  0/0    29:24   1:14   8:01 
Sergey Kalinin           0  0  0   1  0   0  1  0  0  0  2/6     7:38   0:00   2:16 
Taylor Hall              1  1  2   0  2   5  2  0  0  0  1/2    24:43   1:03   5:52 

Players Stats for Golden Knights

Player Name              G  A  P  +/- PIM S  H  SB GA TA FO     MP     PP MP  PK MP  
------------------------------------------------------------------------------------
Alexander Radulov        0  0  0   0  0   1  0  0  0  0  2/2    22:49   7:07   0:00 
Andrei Loktionov         0  0  0   0  0   3  2  0  0  0  5/9    17:48   5:02   0:40 
Andrew Cogliano          0  1  1   1  0   3  1  1  1  0  2/2    17:29   5:02   0:49 
Christopher Tanev        0  0  0   0  0   0  0  1  0  0  0/0    12:14   0:00   0:39 
Jake Guentzel            3  0  3   0  0   7  0  0  0  1  1/1    23:52   7:07   1:03 
Jamie Oleksiak           0  0  0   0  0   0  2  0  0  0  0/0    10:31   0:00   0:12 
Josh Jooris              0  0  0   0  0   4  1  0  0  0  1/1     7:02   0:02   0:00 
Lawson Crouse            0  0  0   0  0   0  0  0  0  0  0/0     7:23   0:02   0:21 
Luke Glendening          0  0  0   1  0   1  0  0  0  0  0/0    10:58   0:00   0:00 
Mathew Dumba             0  2  2   2  0   4  0  1  0  0  0/0    28:02   8:07   1:08 
Max Reinhart             1  0  1   0  0   3  0  0  0  0  6/8     7:02   0:02   0:00 
Olli Maatta              0  0  0  -1  0   0  2  2  0  0  0/0    20:23   4:04   0:51 
Paul Stastny             0  0  0   0  0   0  0  0  0  0  0/0    11:30   0:00   0:00 
Ryan O'Reilly            2  0  2   1  0   4  2  1  0  0  3/10   10:58   0:00   0:00 
Steven Stamkos           0  3  3   0  0   4  1  1  0  0  16/40  23:58   7:07   1:05 
Tom Wilson               0  0  0   0  0   2  0  0  1  0  0/0    17:08   5:02   0:00 
Vladimir Mihalik         0  0  0  -1  2   1  0  0  0  0  0/0    19:35   4:04   0:00 
Zach Bogosian            0  4  4   2  0   2  2  2  1  0  0/0    29:18   8:07   1:08 

3 Stars

1 - Jake Guentzel (Veg)
2 - Zach Bogosian (Veg)
3 - Ryan O'Reilly (Veg)

Power Play

Capitals - 0 on 1 Attempt(s) - 0.00%
Golden Knights - 1 on 7 Attempt(s) - 14.29%

Penalty Kill

Capitals - 6 on 7 Attempt(s) - 85.71% - Score 0 goal in Penalty Kill
Golden Knights - 1 on 1 Attempt(s) - 100.00% - Score 0 goal in Penalty Kill

Team Stat

Capitals - Hits : 24 - Faceoff Wins : 37 - Blocked Shots : 10 - Penalty Minutes : 14
Golden Knights - Hits : 13 - Faceoff Wins : 36 - Blocked Shots : 9 - Penalty Minutes : 2

Official

Referees : Chris Schlenker and Steve Kozari
Linesman : Bryan Pancich and Travis Gawryletz

Game Notes

Jake Guentzel has scored a Hat Trick!
Jake Guentzel has scored in a empty net!

Finance

Level 1 -- Attendance: 6000 (100.00%) -- Ticket Income $600,000
Level 2 -- Attendance: 5000 (100.00%) -- Ticket Income $300,000
Level 3 -- Attendance: 2000 (100.00%) -- Ticket Income $70,000
Level 4 -- Attendance: 4000 (100.00%) -- Ticket Income $100,000
Luxury Box -- Attendance: 1000 (100.00%) -- Ticket Income $200,000
Game was played at the T-Mobile Arena.
Total Attendance: 18000 (100.00%)
Total Ticket Income: $1,270,000
Other Income: $190,500
Total Income: $1,460,500

Capitals

5 vs 5 Forward 
   Center                   Left Wing                Right Wing               Time % Phy DF OF 
 1 Cody Hodgson             Taylor Hall              Patrick Kane             40     0   0  5  
 2 Logan Couture            Blake Pietila            Jason Spezza             30     0   0  5  
 3 Brad Richardson          Jeff Skinner             Nail Yakupov             20     0   0  5  
 4 Sergey Kalinin           Eric Wellwood            Brian Ferlin             10     0   1  4  

5 vs 5 Defense 
   Defense                  Defense                                           Time % Phy DF OF 
 1 PK Subban                Mike Green                                        40     0   2  3  
 2 Alexei Marchenko         Ben Hutton                                        30     0   3  2  
 3 Jared Spurgeon           Nikita Zaitsev                                    20     0   4  1  
 4 PK Subban                Mike Green                                        10     0   2  3  

PowerPlay Forward 
   Center                   Left Wing                Right Wing               Time % Phy DF OF 
 1 Cody Hodgson             Taylor Hall              Patrick Kane             60     0   0  5  
 2 Logan Couture            Blake Pietila            Jason Spezza             40     0   0  5  

PowerPlay Defense
   Defense                  Defense                                           Time % Phy DF OF 
 1 PK Subban                Mike Green                                        60     0   1  4  
 2 Nikita Zaitsev           Ben Hutton                                        40     0   2  3  

Penalty Kill 4 Players Forward 
   Center                   Wing                     Time % Phy DF OF 
 1 Patrick Kane             Taylor Hall              60     0   4  1  
 2 Cody Hodgson             Jason Spezza             40     0   4  1  

Penalty Kill 4 Players Defense
   Defense                  Defense                  Time % Phy DF OF 
 1 PK Subban                Mike Green               60     0   5  0  
 2 Nikita Zaitsev           Ben Hutton               40     0   5  0  

Penalty Kill - 3 Players Forward 
   Forward                                           Time % Phy DF OF 
 1 Patrick Kane                                      60     0   5  0  
 2 Taylor Hall                                       40     0   5  0  

Penalty Kill - 3 Players Defense
   Defense                  Defense                  Time % Phy DF OF 
 1 PK Subban                Mike Green               60     0   5  0  
 2 Nikita Zaitsev           Ben Hutton               40     0   5  0  

4 vs 4 Forward 
   Center                   Wing                     Time % Phy DF OF 
 1 Patrick Kane             Taylor Hall              60     0   0  5  
 2 Cody Hodgson             Jason Spezza             40     0   0  5  

4 vs 4 Defense
   Defense                  Defense                  Time % Phy DF OF 
 1 PK Subban                Mike Green               60     0   3  2  
 2 Nikita Zaitsev           Ben Hutton               40     0   3  2  

Last Minutes Offensive
   Center                   Left Wing                Right Wing               Defense                  Defense                  
   Cody Hodgson             Taylor Hall              Patrick Kane             PK Subban                Mike Green               

Last Minutes Defensive
   Center                   Left Wing                Right Wing               Defense                  Defense                  
   Sergey Kalinin           Blake Pietila            Patrick Kane             PK Subban                Mike Green               

Goaltenders
Starting : Cory Schneider           
Backup : Chet Pickard             

Extra Forwards
Normal : Patrick Kane, Taylor Hall, Jason Spezza - PP : Patrick Kane, Taylor Hall - PK : Sergey Kalinin
Extra Defensemen
Normal : PK Subban, Mike Green, Nikita Zaitsev - PP : PK Subban - PK : Nikita Zaitsev, PK Subban
Penalty Shots
Cody Hodgson, Taylor Hall, Patrick Kane, Nail Yakupov, Jason Spezza

Scratches
Dmitrij Jaskin (Healthy), Kevin Porter (Healthy)

Golden Knights

5 vs 5 Forward 
   Center                   Left Wing                Right Wing               Time % Phy DF OF 
 1 Steven Stamkos           Jake Guentzel            Alexander Radulov        40     1   2  2  
 2 Andrei Loktionov         Paul Stastny             Tom Wilson               30     1   2  2  
 3 Ryan O'Reilly            Andrew Cogliano          Luke Glendening          20     1   2  2  
 4 Max Reinhart             Lawson Crouse            Josh Jooris              10     1   2  2  

5 vs 5 Defense 
   Defense                  Defense                                           Time % Phy DF OF 
 1 Zach Bogosian            Mathew Dumba                                      40     1   2  2  
 2 Olli Maatta              Vladimir Mihalik                                  30     1   2  2  
 3 Christopher Tanev        Jamie Oleksiak                                    20     1   2  2  
 4 Christopher Tanev        Zach Bogosian                                     10     1   2  2  

PowerPlay Forward 
   Center                   Left Wing                Right Wing               Time % Phy DF OF 
 1 Steven Stamkos           Jake Guentzel            Alexander Radulov        60     1   2  2  
 2 Andrei Loktionov         Andrew Cogliano          Tom Wilson               40     1   2  2  

PowerPlay Defense
   Defense                  Defense                                           Time % Phy DF OF 
 1 Zach Bogosian            Mathew Dumba                                      60     1   2  2  
 2 Olli Maatta              Vladimir Mihalik                                  40     1   2  2  

Penalty Kill 4 Players Forward 
   Center                   Wing                     Time % Phy DF OF 
 1 Steven Stamkos           Jake Guentzel            60     1   2  2  
 2 Andrei Loktionov         Andrew Cogliano          40     1   2  2  

Penalty Kill 4 Players Defense
   Defense                  Defense                  Time % Phy DF OF 
 1 Zach Bogosian            Mathew Dumba             60     1   2  2  
 2 Olli Maatta              Vladimir Mihalik         40     1   2  2  

Penalty Kill - 3 Players Forward 
   Forward                                           Time % Phy DF OF 
 1 Steven Stamkos                                    60     1   2  2  
 2 Andrei Loktionov                                  40     1   2  2  

Penalty Kill - 3 Players Defense
   Defense                  Defense                  Time % Phy DF OF 
 1 Zach Bogosian            Mathew Dumba             60     1   2  2  
 2 Olli Maatta              Vladimir Mihalik         40     1   2  2  

4 vs 4 Forward 
   Center                   Wing                     Time % Phy DF OF 
 1 Steven Stamkos           Jake Guentzel            60     1   2  2  
 2 Andrei Loktionov         Andrew Cogliano          40     1   2  2  

4 vs 4 Defense
   Defense                  Defense                  Time % Phy DF OF 
 1 Zach Bogosian            Mathew Dumba             60     1   2  2  
 2 Olli Maatta              Vladimir Mihalik         40     1   2  2  

Last Minutes Offensive
   Center                   Left Wing                Right Wing               Defense                  Defense                  
   Steven Stamkos           Jake Guentzel            Alexander Radulov        Zach Bogosian            Mathew Dumba             

Last Minutes Defensive
   Center                   Left Wing                Right Wing               Defense                  Defense                  
   Steven Stamkos           Jake Guentzel            Alexander Radulov        Zach Bogosian            Mathew Dumba             

Goaltenders
Starting : Ondrej Pavelec           
Backup : Laurent Brossoit         

Extra Forwards
Normal : Andrew Cogliano, Max Reinhart, Alexander Radulov - PP : Andrew Cogliano, Max Reinhart - PK : Andrew Cogliano
Extra Defensemen
Normal : Mathew Dumba, Jamie Oleksiak, Christopher Tanev - PP : Christopher Tanev - PK : Christopher Tanev, Jamie Oleksiak
Penalty Shots
Steven Stamkos, Jake Guentzel, Andrei Loktionov, Ryan O'Reilly, Andrew Cogliano

Scratches
None


% Time on Ice - Capitals

Lines # - Real PCT - Wanted PCT - Time Play
Normal Forward
1 - 38% - 40% - 17:26
2 - 25% - 30% - 11:27
3 - 25% - 20% - 11:12
4 - 12% - 10% - 5:22
Normal Defense
1 - 42% - 40% - 19:05
2 - 33% - 30% - 15:11
3 - 23% - 20% - 10:17
4 - 2% - 10% - 0:54
PP Forward
1 - 53% - 60% - 1:03
2 - 47% - 40% - 0:56
PP Defense
1 - 62% - 60% - 1:14
2 - 38% - 40% - 0:45
PK Forward
1 - 69% - 60% - 8:27
2 - 31% - 40% - 3:44
PK Defense
1 - 70% - 60% - 8:33
2 - 30% - 40% - 3:38
PK3 Forward
1 - 0% - 60%
2 - 0% - 40%
PK3 Defense
1 - 0% - 60%
2 - 0% - 40%
44 Forward
1 - 0% - 60%
2 - 0% - 40%
44 Defense
1 - 0% - 60%
2 - 0% - 40%
Last Minute Offensive  - 0:23
Last Minute Defensive  - 0:00
Total
Forward - 60:00
Defense - 60:00

% Time on Ice - Golden Knights

Lines # - Real PCT - Wanted PCT - Time Play
Normal Forward
1 - 35% - 40% - 15:44
2 - 27% - 30% - 12:06
3 - 24% - 20% - 10:58
4 - 15% - 10% - 6:43
Normal Defense
1 - 41% - 40% - 18:28
2 - 34% - 30% - 15:28
3 - 23% - 20% - 10:19
4 - 3% - 10% - 1:16
PP Forward
1 - 59% - 60% - 7:09
2 - 41% - 40% - 5:02
PP Defense
1 - 67% - 60% - 8:07
2 - 33% - 40% - 4:04
PK Forward
1 - 92% - 60% - 1:49
2 - 8% - 40% - 0:10
PK Defense
1 - 57% - 60% - 1:08
2 - 43% - 40% - 0:51
PK3 Forward
1 - 0% - 60%
2 - 0% - 40%
PK3 Defense
1 - 0% - 60%
2 - 0% - 40%
44 Forward
1 - 0% - 60%
2 - 0% - 40%
44 Defense
1 - 0% - 60%
2 - 0% - 40%
Last Minute Offensive  - 0:00
Last Minute Defensive  - 0:19
Total
Forward - 60:00
Defense - 60:00

Play-by-Play

1st period


0:01 of 1st period - Cody Hodgson wins face-off versus Steven Stamkos in neutral zone.
0:14 of 1st period - Wrist shot by Jake Guentzel.
0:14 of 1st period - Goal by Jake Guentzel - Capitals : 0 - Golden Knights : 1.
0:15 of 1st period - Andrei Loktionov wins face-off versus Logan Couture in neutral zone.
1:09 of 1st period - Snap shot by Jake Guentzel.
1:09 of 1st period - Shot Misses the Net.
1:11 of 1st period - Wrist shot by Jake Guentzel.
1:11 of 1st period - Stopped by Cory Schneider without a rebound.
1:12 of 1st period - Max Reinhart wins face-off versus Eric Wellwood in Capitals zone.
1:19 of 1st period - Wrist shot by Lawson Crouse.
1:19 of 1st period - Deflect By Josh Jooris.
1:19 of 1st period - Stopped by Cory Schneider without a rebound.
1:20 of 1st period - Max Reinhart wins face-off versus Sergey Kalinin in Capitals zone.
1:21 of 1st period - Backhand shot by Zach Bogosian.
1:21 of 1st period - Deflect By Max Reinhart.
1:21 of 1st period - Shot Misses the Net.
1:21 of 1st period - Puck is out of play.
1:22 of 1st period - Max Reinhart wins face-off versus Sergey Kalinin in Capitals zone.
1:25 of 1st period - Wrist shot by Max Reinhart.
1:25 of 1st period - Deflect By Lawson Crouse.
1:25 of 1st period - Shot Misses the Net.
1:25 of 1st period - Puck is out of play.
1:26 of 1st period - Cody Hodgson wins face-off versus Andrei Loktionov in Capitals zone.
1:53 of 1st period - Christopher Tanev is hit by Brad Richardson.
2:21 of 1st period - Minor Penalty to Jared Spurgeon for Interference.
2:22 of 1st period - Steven Stamkos wins face-off versus Patrick Kane in Capitals zone.
2:33 of 1st period - Slapshot by Jake Guentzel.
2:33 of 1st period - Stopped by Cory Schneider with a rebound.
2:35 of 1st period - Snap shot by Alexander Radulov.
2:35 of 1st period - Shot Misses the Net.
2:37 of 1st period - Snap shot by Jake Guentzel.
2:37 of 1st period - Stopped by Cory Schneider without a rebound.
2:38 of 1st period - Patrick Kane wins face-off versus Steven Stamkos in Capitals zone.
3:10 of 1st period - Backhand shot by Andrei Loktionov.
3:10 of 1st period - Stopped by Cory Schneider with a rebound.
3:12 of 1st period - Wrist shot by Andrei Loktionov.
3:12 of 1st period - Shot Misses the Net.
3:14 of 1st period - Snap shot by Tom Wilson.
3:14 of 1st period - Stopped by Cory Schneider without a rebound.
3:15 of 1st period - Cody Hodgson wins face-off versus Steven Stamkos in Capitals zone.
3:20 of 1st period - Zach Bogosian is hit by Jason Spezza.
4:21 of 1st period - Penalty to Jared Spurgeon is over, Jared Spurgeon is back on ice.
4:53 of 1st period - Off-side.
4:54 of 1st period - Sergey Kalinin wins face-off versus Ryan O'Reilly in neutral zone.
4:57 of 1st period - Ryan O'Reilly is hit by PK Subban and loses puck.
5:25 of 1st period - Minor Penalty to Mike Green for Slashing.
5:26 of 1st period - Patrick Kane wins face-off versus Steven Stamkos in Capitals zone.
7:10 of 1st period - Slapshot by Patrick Kane.
7:10 of 1st period - Shot Misses the Net.
7:25 of 1st period - Penalty to Mike Green is over, Mike Green is back on ice.
7:35 of 1st period - Icing by Christopher Tanev.
7:36 of 1st period - Josh Jooris wins face-off versus Brad Richardson in Golden Knights zone.
7:40 of 1st period - Off-side.
7:41 of 1st period - Andrew Cogliano wins face-off versus Cody Hodgson in neutral zone.
7:44 of 1st period - Patrick Kane is hit by Zach Bogosian.
7:54 of 1st period - Slapshot by Andrew Cogliano.
7:54 of 1st period - Shot Misses the Net.
8:51 of 1st period - Vladimir Mihalik is hit by Brian Ferlin and loses puck.
9:12 of 1st period - Snap shot by Steven Stamkos.
9:12 of 1st period - Stopped by Cory Schneider without a rebound.
9:13 of 1st period - Cody Hodgson wins face-off versus Steven Stamkos in Capitals zone.
9:24 of 1st period - Snap shot by Jake Guentzel.
9:24 of 1st period - Shot Blocked by Ben Hutton.
9:26 of 1st period - Slapshot by Olli Maatta.
9:26 of 1st period - Shot Misses the Net.
9:28 of 1st period - Slapshot by Olli Maatta.
9:28 of 1st period - Shot Blocked by Alexei Marchenko.
9:30 of 1st period - Slapshot by Olli Maatta.
9:30 of 1st period - Shot Misses the Net.
9:32 of 1st period - Slapshot by Vladimir Mihalik.
9:32 of 1st period - Stopped by Cory Schneider with a rebound.
9:43 of 1st period - Minor Penalty to Cody Hodgson for High sticking.
9:44 of 1st period - Andrei Loktionov wins face-off versus Patrick Kane in Capitals zone.
10:17 of 1st period - PK Subban is hit by Steven Stamkos and loses puck.
11:43 of 1st period - Penalty to Cody Hodgson is over, Cody Hodgson is back on ice.
11:54 of 1st period - Icing by Lawson Crouse.
11:55 of 1st period - Max Reinhart wins face-off versus Brad Richardson in Golden Knights zone.
12:20 of 1st period - Christopher Tanev is hit by Sergey Kalinin and loses puck.
12:33 of 1st period - Snap shot by Eric Wellwood.
12:33 of 1st period - Stopped by Ondrej Pavelec with a rebound.
13:10 of 1st period - Wrist shot by Lawson Crouse.
13:10 of 1st period - Shot Misses the Net.
13:31 of 1st period - Snap shot by Andrei Loktionov.
13:31 of 1st period - Shot Blocked by Mike Green.
13:49 of 1st period - Wrist shot by Taylor Hall.
13:49 of 1st period - Shot Misses the Net.
13:51 of 1st period - Slapshot by Mike Green.
13:51 of 1st period - Stopped by Ondrej Pavelec with a rebound.
14:20 of 1st period - Slapshot by Mathew Dumba.
14:20 of 1st period - Shot Blocked by Nikita Zaitsev.
15:18 of 1st period - Snap shot by Brian Ferlin.
15:18 of 1st period - Shot Misses the Net.
15:20 of 1st period - Snap shot by Eric Wellwood.
15:20 of 1st period - Shot Blocked by Andrew Cogliano.
15:22 of 1st period - Snap shot by Brian Ferlin.
15:22 of 1st period - Goal by Brian Ferlin - Capitals : 1 - Golden Knights : 1.
15:23 of 1st period - Cody Hodgson wins face-off versus Steven Stamkos in neutral zone.
15:38 of 1st period - Wrist shot by Cody Hodgson.
15:38 of 1st period - Stopped by Ondrej Pavelec with a rebound.
15:40 of 1st period - Slapshot by Cody Hodgson.
15:40 of 1st period - Shot Misses the Net.
15:50 of 1st period - Vladimir Mihalik is hit by Jeff Skinner.
15:58 of 1st period - Snap shot by Jake Guentzel.
15:58 of 1st period - Deflect By Mike Green.
15:58 of 1st period - Shot Misses the Net.
15:58 of 1st period - Puck is out of play.
15:59 of 1st period - Andrei Loktionov wins face-off versus Logan Couture in Capitals zone.
16:57 of 1st period - Wrist shot by Jeff Skinner.
16:57 of 1st period - Goal by Jeff Skinner - Capitals : 2 - Golden Knights : 1.
16:58 of 1st period - Steven Stamkos wins face-off versus Cody Hodgson in neutral zone.
17:07 of 1st period - Slapshot by PK Subban.
17:07 of 1st period - Shot Misses the Net.
17:09 of 1st period - Slapshot by Patrick Kane.
17:09 of 1st period - Stopped by Ondrej Pavelec with a rebound.
17:11 of 1st period - Slapshot by PK Subban.
17:11 of 1st period - Stopped by Ondrej Pavelec with a rebound.
17:15 of 1st period - Snap shot by Taylor Hall.
17:15 of 1st period - Shot Misses the Net.
17:25 of 1st period - Jason Spezza is hit by Andrei Loktionov.
17:37 of 1st period - Wrist shot by Andrei Loktionov.
17:37 of 1st period - Stopped by Cory Schneider with a rebound.
17:49 of 1st period - Wrist shot by PK Subban.
17:49 of 1st period - Shot Misses the Net.
17:51 of 1st period - Slapshot by PK Subban.
17:51 of 1st period - Deflect By Nail Yakupov.
17:51 of 1st period - Stopped by Ondrej Pavelec with a rebound.
17:53 of 1st period - Slapshot by Mike Green.
17:53 of 1st period - Stopped by Ondrej Pavelec without a rebound.
17:54 of 1st period - Steven Stamkos wins face-off versus Cody Hodgson in Golden Knights zone.
17:54 of 1st period - Steven Stamkos is hit by Nikita Zaitsev.
18:20 of 1st period - Andrei Loktionov is hit by Nikita Zaitsev and loses puck.
18:51 of 1st period - Snap shot by Jeff Skinner.
18:51 of 1st period - Shot Misses the Net.
18:53 of 1st period - Snap shot by PK Subban.
18:53 of 1st period - Stopped by Ondrej Pavelec without a rebound.
18:54 of 1st period - Steven Stamkos wins face-off versus Cody Hodgson in Golden Knights zone.
19:01 of 1st period - Backhand shot by Steven Stamkos.
19:01 of 1st period - Stopped by Cory Schneider without a rebound.
19:02 of 1st period - Steven Stamkos wins face-off versus Cody Hodgson in Capitals zone.
19:12 of 1st period - Minor Penalty to Mike Green for Hooking.
19:13 of 1st period - Patrick Kane wins face-off versus Steven Stamkos in Capitals zone.
19:45 of 1st period - Slapshot by Zach Bogosian.
19:45 of 1st period - Deflect By Andrei Loktionov.
19:45 of 1st period - Stopped by Cory Schneider with a rebound.
19:47 of 1st period - Slapshot by Mathew Dumba.
19:47 of 1st period - Stopped by Cory Schneider with a rebound.
19:49 of 1st period - Slapshot by Mathew Dumba.
19:49 of 1st period - Stopped by Cory Schneider without a rebound.
19:50 of 1st period - Steven Stamkos wins face-off versus Taylor Hall in Capitals zone.
19:51 of 1st period - Slapshot by Alexander Radulov.
19:51 of 1st period - Stopped by Cory Schneider without a rebound.
19:52 of 1st period - Patrick Kane wins face-off versus Steven Stamkos in Capitals zone.
Goals for this period are 2 for Capitals vs 1 for Golden Knights.
Shots for this period are 10 for Capitals vs 15 for Golden Knights.

2nd period


0:01 of 2nd period - Patrick Kane wins face-off versus Steven Stamkos in neutral zone.
0:04 of 2nd period - Wrist shot by Taylor Hall.
0:04 of 2nd period - Stopped by Ondrej Pavelec without a rebound.
0:05 of 2nd period - Taylor Hall wins face-off versus Steven Stamkos in Golden Knights zone.
0:10 of 2nd period - Snap shot by Taylor Hall.
0:10 of 2nd period - Shot Misses the Net.
0:52 of 2nd period - Snap shot by Alexander Radulov.
0:52 of 2nd period - Shot Misses the Net.
0:54 of 2nd period - Wrist shot by Steven Stamkos.
0:54 of 2nd period - Shot Blocked by Nikita Zaitsev.
0:56 of 2nd period - Slapshot by Mathew Dumba.
0:56 of 2nd period - Stopped by Cory Schneider with a rebound.
0:58 of 2nd period - Snap shot by Mathew Dumba.
0:58 of 2nd period - Stopped by Cory Schneider without a rebound.
0:59 of 2nd period - Andrei Loktionov wins face-off versus Patrick Kane in Capitals zone.
1:04 of 2nd period - Wrist shot by Tom Wilson.
1:04 of 2nd period - Shot Misses the Net.
1:06 of 2nd period - Snap shot by Tom Wilson.
1:06 of 2nd period - Deflect By Andrew Cogliano.
1:06 of 2nd period - Stopped by Cory Schneider without a rebound.
1:07 of 2nd period - Andrew Cogliano wins face-off versus Patrick Kane in Capitals zone.
1:12 of 2nd period - Penalty to Mike Green is over, Mike Green is back on ice.
1:30 of 2nd period - Snap shot by Andrei Loktionov.
1:30 of 2nd period - Shot Hit the Post.
1:32 of 2nd period - Wrist shot by Tom Wilson.
1:32 of 2nd period - Stopped by Cory Schneider without a rebound.
1:33 of 2nd period - Steven Stamkos wins face-off versus Logan Couture in Capitals zone.
1:46 of 2nd period - Alexander Radulov is hit by Nikita Zaitsev and loses puck.
2:04 of 2nd period - Icing by Andrew Cogliano.
2:05 of 2nd period - Cody Hodgson wins face-off versus Ryan O'Reilly in Golden Knights zone.
2:12 of 2nd period - Snap shot by Zach Bogosian.
2:12 of 2nd period - Deflect By Ryan O'Reilly.
2:12 of 2nd period - Stopped by Cory Schneider with a rebound.
2:14 of 2nd period - Slapshot by Luke Glendening.
2:14 of 2nd period - Stopped by Cory Schneider without a rebound.
2:15 of 2nd period - Cody Hodgson wins face-off versus Steven Stamkos in Capitals zone.
3:15 of 2nd period - Slapshot by Brad Richardson.
3:15 of 2nd period - Stopped by Ondrej Pavelec with a rebound.
3:17 of 2nd period - Snap shot by Brad Richardson.
3:17 of 2nd period - Stopped by Ondrej Pavelec with a rebound.
3:33 of 2nd period - Snap shot by Eric Wellwood.
3:33 of 2nd period - Stopped by Ondrej Pavelec without a rebound.
3:34 of 2nd period - Cody Hodgson wins face-off versus Steven Stamkos in Golden Knights zone.
4:01 of 2nd period - Jason Spezza is hit by Jamie Oleksiak and loses puck.
4:24 of 2nd period - Snap shot by Andrew Cogliano.
4:24 of 2nd period - Shot Blocked by Jared Spurgeon.
4:32 of 2nd period - Nikita Zaitsev is hit by Ryan O'Reilly and loses puck.
4:47 of 2nd period - Wrist shot by Josh Jooris.
4:47 of 2nd period - Stopped by Cory Schneider with a rebound.
5:46 of 2nd period - Snap shot by Ryan O'Reilly.
5:46 of 2nd period - Goal by Ryan O'Reilly - Capitals : 2 - Golden Knights : 2.
5:47 of 2nd period - Steven Stamkos wins face-off versus Cody Hodgson in neutral zone.
6:22 of 2nd period - Andrew Cogliano is hit by Patrick Kane and loses puck.
6:31 of 2nd period - Wrist shot by Cody Hodgson.
6:31 of 2nd period - Shot Blocked by Ryan O'Reilly.
6:35 of 2nd period - Slapshot by Taylor Hall.
6:35 of 2nd period - Shot Misses the Net.
6:46 of 2nd period - Off-side.
6:47 of 2nd period - Steven Stamkos wins face-off versus Logan Couture in neutral zone.
6:56 of 2nd period - Slapshot by Blake Pietila.
6:56 of 2nd period - Shot Blocked by Steven Stamkos.
6:58 of 2nd period - Slapshot by Blake Pietila.
6:58 of 2nd period - Shot Misses the Net.
7:00 of 2nd period - Wrist shot by Logan Couture.
7:00 of 2nd period - Shot Misses the Net.
7:02 of 2nd period - Slapshot by Nikita Zaitsev.
7:02 of 2nd period - Shot Blocked by Olli Maatta.
7:16 of 2nd period - Minor Penalty to Vladimir Mihalik for Interference.
7:17 of 2nd period - Jake Guentzel wins face-off versus Jason Spezza in Golden Knights zone.
7:25 of 2nd period - Mike Green is hit by Zach Bogosian and loses puck.
7:50 of 2nd period - Snap shot by Taylor Hall.
7:50 of 2nd period - Stopped by Ondrej Pavelec with a rebound.
8:14 of 2nd period - Ben Hutton is hit by Olli Maatta and loses puck.
9:16 of 2nd period - Penalty to Vladimir Mihalik is over, Vladimir Mihalik is back on ice.
9:33 of 2nd period - Snap shot by PK Subban.
9:33 of 2nd period - Shot Misses the Net.
9:45 of 2nd period - Snap shot by Eric Wellwood.
9:45 of 2nd period - Shot Misses the Net.
9:47 of 2nd period - Wrist shot by Ben Hutton.
9:47 of 2nd period - Shot Misses the Net.
9:49 of 2nd period - Snap shot by Sergey Kalinin.
9:49 of 2nd period - Shot Misses the Net.
9:51 of 2nd period - Snap shot by Ben Hutton.
9:51 of 2nd period - Stopped by Ondrej Pavelec without a rebound.
9:52 of 2nd period - Sergey Kalinin wins face-off versus Andrei Loktionov in Golden Knights zone.
10:03 of 2nd period - Snap shot by Andrei Loktionov.
10:03 of 2nd period - Shot Misses the Net.
10:43 of 2nd period - Slapshot by Zach Bogosian.
10:43 of 2nd period - Deflect By Ryan O'Reilly.
10:43 of 2nd period - Goal by Ryan O'Reilly - Capitals : 2 - Golden Knights : 3.
10:44 of 2nd period - Cody Hodgson wins face-off versus Steven Stamkos in neutral zone.
11:01 of 2nd period - Snap shot by Jake Guentzel.
11:01 of 2nd period - Shot Misses the Net.
11:11 of 2nd period - Paul Stastny is hit by Blake Pietila and loses puck.
12:34 of 2nd period - Snap shot by Patrick Kane.
12:34 of 2nd period - Deflect By Cody Hodgson.
12:34 of 2nd period - Stopped by Ondrej Pavelec without a rebound.
12:35 of 2nd period - Logan Couture wins face-off versus Andrei Loktionov in Golden Knights zone.
12:40 of 2nd period - Wrist shot by Jason Spezza.
12:40 of 2nd period - Shot Misses the Net.
13:02 of 2nd period - Alexander Radulov is hit by Mike Green and loses puck.
13:07 of 2nd period - Snap shot by Patrick Kane.
13:07 of 2nd period - Deflect By Cody Hodgson.
13:07 of 2nd period - Shot Blocked by Christopher Tanev.
13:07 of 2nd period - Puck is out of play.
13:08 of 2nd period - Steven Stamkos wins face-off versus Cody Hodgson in Golden Knights zone.
13:39 of 2nd period - Wrist shot by Ryan O'Reilly.
13:39 of 2nd period - Shot Misses the Net.
13:47 of 2nd period - Wrist shot by Andrew Cogliano.
13:47 of 2nd period - Stopped by Cory Schneider with a rebound.
14:25 of 2nd period - Snap shot by Max Reinhart.
14:25 of 2nd period - Stopped by Cory Schneider without a rebound.
14:26 of 2nd period - Max Reinhart wins face-off versus Brad Richardson in Capitals zone.
14:29 of 2nd period - Wrist shot by Max Reinhart.
14:29 of 2nd period - Goal by Max Reinhart - Capitals : 2 - Golden Knights : 4.
14:30 of 2nd period - Alexander Radulov wins face-off versus Cody Hodgson in neutral zone.
14:35 of 2nd period - Slapshot by Zach Bogosian.
14:35 of 2nd period - Stopped by Cory Schneider without a rebound.
14:36 of 2nd period - Steven Stamkos wins face-off versus Cody Hodgson in Capitals zone.
15:27 of 2nd period - Slapshot by Jeff Skinner.
15:27 of 2nd period - Shot Blocked by Olli Maatta.
15:32 of 2nd period - Icing by Vladimir Mihalik.
15:33 of 2nd period - Ryan O'Reilly wins face-off versus Cody Hodgson in Golden Knights zone.
15:33 of 2nd period - Ryan O'Reilly is hit by Patrick Kane.
16:24 of 2nd period - Snap shot by Max Reinhart.
16:24 of 2nd period - Shot Misses the Net.
16:48 of 2nd period - Slapshot by Blake Pietila.
16:48 of 2nd period - Deflect By Jason Spezza.
16:48 of 2nd period - Shot Misses the Net.
16:48 of 2nd period - Puck is out of play.
16:49 of 2nd period - Steven Stamkos wins face-off versus Cody Hodgson in Golden Knights zone.
17:02 of 2nd period - Steven Stamkos is hit by Patrick Kane and loses puck.
18:42 of 2nd period - Off-side.
18:43 of 2nd period - Alexander Radulov wins face-off versus Logan Couture in neutral zone.
19:09 of 2nd period - Mathew Dumba is hit by Mike Green and loses puck.
19:22 of 2nd period - Snap shot by Nail Yakupov.
19:22 of 2nd period - Shot Misses the Net.
Goals for this period are 0 for Capitals vs 3 for Golden Knights.
Shots for this period are 7 for Capitals vs 13 for Golden Knights.

3rd period


0:01 of 3rd period - Cody Hodgson wins face-off versus Steven Stamkos in neutral zone.
0:12 of 3rd period - Snap shot by Jake Guentzel.
0:12 of 3rd period - Deflect By Patrick Kane.
0:12 of 3rd period - Stopped by Cory Schneider without a rebound.
0:13 of 3rd period - Cody Hodgson wins face-off versus Steven Stamkos in Capitals zone.
0:15 of 3rd period - Icing by Patrick Kane.
0:16 of 3rd period - Steven Stamkos wins face-off versus Cody Hodgson in Capitals zone.
0:17 of 3rd period - Slapshot by Alexander Radulov.
0:17 of 3rd period - Shot Blocked by Mike Green.
0:31 of 3rd period - Wrist shot by Taylor Hall.
0:31 of 3rd period - Goal by Taylor Hall - Capitals : 3 - Golden Knights : 4.
0:32 of 3rd period - Cody Hodgson wins face-off versus Steven Stamkos in neutral zone.
0:59 of 3rd period - Paul Stastny is hit by Logan Couture and loses puck.
1:17 of 3rd period - Icing by Logan Couture.
1:18 of 3rd period - Brad Richardson wins face-off versus Ryan O'Reilly in Capitals zone.
1:33 of 3rd period - Wrist shot by Andrew Cogliano.
1:33 of 3rd period - Stopped by Cory Schneider with a rebound.
2:06 of 3rd period - Mathew Dumba is hit by Ben Hutton and loses puck.
2:31 of 3rd period - Wrist shot by Andrew Cogliano.
2:31 of 3rd period - Shot Hit the Post.
3:20 of 3rd period - Snap shot by Taylor Hall.
3:20 of 3rd period - Stopped by Ondrej Pavelec with a rebound.
3:22 of 3rd period - Wrist shot by Taylor Hall.
3:22 of 3rd period - Shot Misses the Net.
3:24 of 3rd period - Wrist shot by Cody Hodgson.
3:24 of 3rd period - Goal by Cody Hodgson - Capitals : 4 - Golden Knights : 4.
3:25 of 3rd period - Cody Hodgson wins face-off versus Steven Stamkos in neutral zone.
4:00 of 3rd period - Snap shot by Jason Spezza.
4:00 of 3rd period - Deflect By Logan Couture.
4:00 of 3rd period - Stopped by Ondrej Pavelec without a rebound.
4:01 of 3rd period - Cody Hodgson wins face-off versus Steven Stamkos in Golden Knights zone.
4:02 of 3rd period - Backhand shot by Taylor Hall.
4:02 of 3rd period - Stopped by Ondrej Pavelec with a rebound.
4:11 of 3rd period - Minor Penalty to Alexei Marchenko for Holding.
4:12 of 3rd period - Patrick Kane wins face-off versus Steven Stamkos in Capitals zone.
5:36 of 3rd period - Sergey Kalinin is hit by Andrew Cogliano and loses puck.
6:11 of 3rd period - Penalty to Alexei Marchenko is over, Alexei Marchenko is back on ice.
6:15 of 3rd period - Olli Maatta is hit by Taylor Hall and loses puck.
6:22 of 3rd period - PK Subban is hit by Josh Jooris.
6:34 of 3rd period - Jamie Oleksiak is hit by PK Subban and loses puck.
6:48 of 3rd period - Off-side.
6:49 of 3rd period - Logan Couture wins face-off versus Andrei Loktionov in neutral zone.
7:02 of 3rd period - Snap shot by Logan Couture.
7:02 of 3rd period - Stopped by Ondrej Pavelec with a rebound.
7:04 of 3rd period - Wrist shot by Jason Spezza.
7:04 of 3rd period - Deflect By Blake Pietila.
7:04 of 3rd period - Shot Misses the Net.
7:04 of 3rd period - Puck is out of play.
7:05 of 3rd period - Steven Stamkos wins face-off versus Brad Richardson in Golden Knights zone.
7:18 of 3rd period - Wrist shot by Steven Stamkos.
7:18 of 3rd period - Deflect By Alexei Marchenko.
7:18 of 3rd period - Stopped by Cory Schneider with a rebound.
7:30 of 3rd period - Luke Glendening is hit by Cody Hodgson and loses puck.
8:12 of 3rd period - Snap shot by Max Reinhart.
8:12 of 3rd period - Shot Blocked by Mike Green.
8:14 of 3rd period - Wrist shot by Josh Jooris.
8:14 of 3rd period - Stopped by Cory Schneider without a rebound.
8:15 of 3rd period - Brad Richardson wins face-off versus Max Reinhart in Capitals zone.
8:37 of 3rd period - Snap shot by Max Reinhart.
8:37 of 3rd period - Stopped by Cory Schneider without a rebound.
8:38 of 3rd period - Cody Hodgson wins face-off versus Steven Stamkos in Capitals zone.
8:43 of 3rd period - Slapshot by Mike Green.
8:43 of 3rd period - Shot Misses the Net.
9:01 of 3rd period - Minor Penalty to Taylor Hall for Tripping.
9:02 of 3rd period - Patrick Kane wins face-off versus Steven Stamkos in Capitals zone.
11:01 of 3rd period - Penalty to Taylor Hall is over, Taylor Hall is back on ice.
11:05 of 3rd period - Wrist shot by Eric Wellwood.
11:05 of 3rd period - Shot Blocked by Zach Bogosian.
11:17 of 3rd period - Wrist shot by Nail Yakupov.
11:17 of 3rd period - Stopped by Ondrej Pavelec without a rebound.
11:18 of 3rd period - Max Reinhart wins face-off versus Brad Richardson in Golden Knights zone.
12:06 of 3rd period - Patrick Kane is hit by Andrei Loktionov and loses puck.
13:28 of 3rd period - Snap shot by Ryan O'Reilly.
13:28 of 3rd period - Stopped by Cory Schneider without a rebound.
13:29 of 3rd period - Logan Couture wins face-off versus Steven Stamkos in Capitals zone.
13:40 of 3rd period - Wrist shot by Logan Couture.
13:40 of 3rd period - Stopped by Ondrej Pavelec with a rebound.
13:42 of 3rd period - Wrist shot by Logan Couture.
13:42 of 3rd period - Shot Misses the Net.
13:44 of 3rd period - Slapshot by Nikita Zaitsev.
13:44 of 3rd period - Shot Blocked by Mathew Dumba.
13:54 of 3rd period - Mathew Dumba is hit by Cody Hodgson and loses puck.
14:03 of 3rd period - Snap shot by Patrick Kane.
14:03 of 3rd period - Shot Misses the Net.
14:17 of 3rd period - Wrist shot by Josh Jooris.
14:17 of 3rd period - Stopped by Cory Schneider without a rebound.
14:18 of 3rd period - Brad Richardson wins face-off versus Max Reinhart in Capitals zone.
14:18 of 3rd period - Brad Richardson is hit by Jamie Oleksiak.
14:28 of 3rd period - Slapshot by Brad Richardson.
14:28 of 3rd period - Shot Misses the Net.
14:30 of 3rd period - Slapshot by Alexei Marchenko.
14:30 of 3rd period - Deflect By Nail Yakupov.
14:30 of 3rd period - Stopped by Ondrej Pavelec without a rebound.
14:31 of 3rd period - Cody Hodgson wins face-off versus Steven Stamkos in Golden Knights zone.
14:36 of 3rd period - Slapshot by Patrick Kane.
14:36 of 3rd period - Stopped by Ondrej Pavelec with a rebound.
14:38 of 3rd period - Slapshot by Mike Green.
14:38 of 3rd period - Stopped by Ondrej Pavelec without a rebound.
14:39 of 3rd period - Cody Hodgson wins face-off versus Steven Stamkos in Golden Knights zone.
14:40 of 3rd period - Snap shot by Patrick Kane.
14:40 of 3rd period - Shot Misses the Net.
15:02 of 3rd period - Snap shot by Steven Stamkos.
15:02 of 3rd period - Stopped by Cory Schneider with a rebound.
15:04 of 3rd period - Wrist shot by Mathew Dumba.
15:04 of 3rd period - Shot Hit the Post.
15:06 of 3rd period - Slapshot by Mathew Dumba.
15:06 of 3rd period - Shot Blocked by PK Subban.
15:08 of 3rd period - Slapshot by Zach Bogosian.
15:08 of 3rd period - Stopped by Cory Schneider without a rebound.
15:09 of 3rd period - Brad Richardson wins face-off versus Ryan O'Reilly in Capitals zone.
15:11 of 3rd period - Minor Penalty to Ben Hutton for Interference.
15:12 of 3rd period - Steven Stamkos wins face-off versus Patrick Kane in Capitals zone.
15:28 of 3rd period - Wrist shot by Jake Guentzel.
15:28 of 3rd period - Goal by Jake Guentzel - Capitals : 4 - Golden Knights : 5.
15:29 of 3rd period - Brad Richardson wins face-off versus Ryan O'Reilly in neutral zone.
15:32 of 3rd period - Slapshot by Mike Green.
15:32 of 3rd period - Stopped by Ondrej Pavelec without a rebound.
15:33 of 3rd period - Ryan O'Reilly wins face-off versus Brad Richardson in Golden Knights zone.
15:43 of 3rd period - Slapshot by Mike Green.
15:43 of 3rd period - Stopped by Ondrej Pavelec without a rebound.
15:44 of 3rd period - Brad Richardson wins face-off versus Ryan O'Reilly in Golden Knights zone.
15:49 of 3rd period - Snap shot by Nail Yakupov.
15:49 of 3rd period - Shot Blocked by Zach Bogosian.
16:01 of 3rd period - Nail Yakupov is hit by Ryan O'Reilly and loses puck.
16:12 of 3rd period - Slapshot by Brad Richardson.
16:12 of 3rd period - Stopped by Ondrej Pavelec with a rebound.
16:32 of 3rd period - Vladimir Mihalik is hit by PK Subban and loses puck.
17:31 of 3rd period - Off-side.
17:32 of 3rd period - Steven Stamkos wins face-off versus Brad Richardson in neutral zone.
17:54 of 3rd period - Slapshot by Jared Spurgeon.
17:54 of 3rd period - Stopped by Ondrej Pavelec without a rebound.
17:55 of 3rd period - Ryan O'Reilly wins face-off versus Sergey Kalinin in Golden Knights zone.
18:11 of 3rd period - Snap shot by Brian Ferlin.
18:11 of 3rd period - Shot Misses the Net.
18:35 of 3rd period - Snap shot by Brad Richardson.
18:35 of 3rd period - Shot Misses the Net.
18:47 of 3rd period - Zach Bogosian is hit by Taylor Hall and loses puck.
18:50 of 3rd period - Capitals, Cory Schneider is pulled from the net.
19:14 of 3rd period - Mathew Dumba is hit by Jared Spurgeon.
19:22 of 3rd period - Slapshot by Steven Stamkos.
19:22 of 3rd period - Shot Blocked by Mike Green.
19:24 of 3rd period - Snap shot by Jake Guentzel.
19:24 of 3rd period - Goal by Jake Guentzel - Capitals : 4 - Golden Knights : 6.
19:24 of 3rd period - Cory Schneider from Capitals was sent back in the game.
19:25 of 3rd period - Brad Richardson wins face-off versus Ryan O'Reilly in neutral zone.
19:30 of 3rd period - Slapshot by PK Subban.
19:30 of 3rd period - Shot Misses the Net.
19:36 of 3rd period - Brad Richardson is hit by Olli Maatta and loses puck.
19:55 of 3rd period - Slapshot by Eric Wellwood.
19:55 of 3rd period - Deflect By Brian Ferlin.
19:55 of 3rd period - Stopped by Ondrej Pavelec without a rebound.
19:56 of 3rd period - Andrei Loktionov wins face-off versus Sergey Kalinin in Golden Knights zone.
Goals for this period are 2 for Capitals vs 2 for Golden Knights.
Shots for this period are 16 for Capitals vs 11 for Golden Knights.